 Dungeon Sprint DCSS version 0.30-a0-930-gb9d0489357 (webtiles) character file.

Game seed: 13319510326543328074

10 dialectric the Covert (level 2, -1/15 HPs)
             Began as a Spriggan Brigand on Mar 23, 2023.
             Slain by a merfolk siren
             ... wielding a +0 trident
              (16 damage)
             ... in the Dungeon (Sprint II: "The Violet Keep of Menkaure").
             The game lasted 00:00:53 (66 turns).

dialectric the Covert (Spriggan Brigand)              Turns: 66, Time: 00:00:54

Health: -1/15      AC:  3    Str:  7    XL:     2   Next: 10%
Magic:  3/3        EV: 16    Int: 12    God:
Gold:   243        SH:  0    Dex: 16    Spells: 1/1 levels left

rFire   . . .      SeeInvis +    a - +2 dagger
rCold   . . .      Faith    .    (no shield)
rNeg    . . .      Spirit   .    b - +0 robe
rPois   .          Reflect  .    (helmet restricted)
rElec   .          Rampage  .    c - +0 cloak
rCorr   .          NoTele   +    (gloves unavailable)
Will    .....                    (boots unavailable)
Stlth   ++++                     (no amulet)
HPRegen 0.22/turn                (no ring)
MPRegen 0.08/turn                (no ring)

@: mesmerised, very quick
A: very small, no large weapons, unfitting armour, see invisible, speed 3
a: no special abilities


You were in the Dungeon.
You visited 1 branch You collected 243 gold pieces.

Inventory:

Hand Weapons
 a - a +2 dagger (weapon)
Armour
 b - a +0 robe (worn)
 c - a +0 cloak (worn)
Scrolls
 k - a scroll of blinking
Potions
 f - a potion of curing
 g - a potion of heal wounds
 h - a potion of haste
 i - 2 potions of magic
 j - a potion of berserk rage


   Skills:
 + Level 1.9 Fighting
 + Level 2.9 Short Blades
 - Level 2.0 Throwing
 + Level 1.6 Dodging
 + Level 8.1 Stealth


You had one spell level left.
You didn't know any spells.
Your spell library was empty.

Dungeon Overview and Level Annotations

Branches:
Dungeon (1/1)

Altars:


Innate Abilities, Weirdness & Mutations

You are very small and have problems with some larger weapons.
You are too small for most types of armour.
You have supernaturally acute eyesight. (SInv)
You cover ground extremely quickly. (Speed+++)


Message History

The merfolk siren is heavily wounded.
Throw: dart (poison)
Press: ? - help, Q - select action Shift-Dir - straight line, f/p - merfolk siren
Aim: a merfolk siren, wielding a +0 trident (heavily wounded, mesmerising, extremely poisoned, slow, 53% to hit)
You throw a poisoned dart.
The poisoned dart misses the merfolk siren.
The merfolk siren barely misses you.
There is an open door here.
You hit the merfolk siren.
The merfolk siren is severely wounded.
The merfolk siren chants its luring song.
You hit the merfolk siren but do no damage.
The merfolk siren is almost dead.
The merfolk siren chants its luring song.
You hit the merfolk siren but do no damage.
The merfolk siren is almost dead.
You hit the merfolk siren but do no damage.
The merfolk siren is almost dead.
The merfolk siren is no longer moving slowly.
The merfolk siren barely misses you.
You miss the merfolk siren.
The merfolk siren is almost dead.
The merfolk siren chants its luring song.
You closely miss the merfolk siren.
The merfolk siren is almost dead.
The merfolk siren hits you but does no damage.
You hit the merfolk siren but do no damage.
The merfolk siren is almost dead.
You completely miss the merfolk siren.
The merfolk siren is almost dead.
The merfolk siren chants its luring song.
You closely miss the merfolk siren.
The merfolk siren is almost dead.
The merfolk siren chants its luring song.
You closely miss the merfolk siren.
You punch the merfolk siren, but do no damage.
The merfolk siren is almost dead.
The merfolk siren hits you with a +0 trident!
Ouch! That really hurt!
You die...

## ## l# #l
.#. ### #
#+###.## .#
##.##...#..#
+.<.'##.'..#
##.##.###....#
#@# #.# ......
#.m.# ## ...§.
#..#(.# ~~~.§
##. .## ~~~.
## ## ~~~~


You could see a merfolk siren (mesmerising, very poisoned).

Vanquished Creatures
  3 worms (D)
3 creatures vanquished.

Notes
Turn   | Place    | Note
-------+----------+-------------------------------------------
     0 | D        | dialectric the Spriggan Brigand began the quest for the
                  | Orb.
     0 | D        | Reached XP level 1. HP: 10/10 MP: 2/2
     1 | D        | Noticed a wyvern
     1 | D        | Noticed a wyvern
    19 | D        | Reached skill level 7 in Stealth
    26 | D        | Reached skill level 8 in Stealth
    26 | D        | Reached XP level 2. HP: 15/15 MP: 3/3
    44 | D        | Noticed a merfolk siren
    66 | D        | Slain by a merfolk siren

Illustrated notes

Levels and vault maps discovered:
D:        the_violet_keep_of_menkaure [sprint2_stairs_cluster_1,
          sprint2_shoproom, sprint2_temple, sprint2_basic_supplies,
          sprint2_obstacle_7, sprint2_obstacle_4, sprint2_obstacle_3,
          sprint2_obstacle_5, sprint2_obstacle_2, sprint2_timed_cluster_1,
          sprint2_smallroom_cluster_1, sprint2_smallroom_final_cluster_1,
          sprint2_transparent_cluster_1, sprint2_second_timed_cluster_1,
          sprint2_sniper_area_1, sprint2_heavy_combat_area_1,
          sprint2_mutation_trap_area_1, sprint2_forest_area_1,
          sprint2_light_combat_area_1, sprint2_behind_water_1,
          sprint2_near_end_vault_1]

Skill      XL: |  1 |
---------------+----+-----
Stealth        | 8 |  8.1
Fighting       | |  1.9
Short Blades   | |  2.9
Throwing       | |  2.0
Dodging        | |  1.6

Action                     || total
---------------------------++-------
  Melee: Dagger            ||    20
         Punch             ||     1
  Throw: Dart              ||    16
 Armour: Robe              ||     2
  Dodge: Dodged            ||     3

Table legend: (Time is in decaauts)
 A = Elapsed time spent in this place.
 B = Non-inter-level travel time spent in this place.
 C = Inter-level travel time spent in this place.
 D = Time resting spent in this place.
 E = Time spent auto-exploring this place.
 F = Levels seen in this place.
 G = Mean time per level.
                   A        B        C        D        E       F      G
               +--------+--------+--------+--------+--------+-----+--------+
         Total |     53 |     53 |      0 |      0 |      0 |   1 |   53.0 |
       Dungeon |     53 |     53 |      0 |      0 |      0 |   1 |   53.0 |
               +--------+--------+--------+--------+--------+-----+--------+

Top non-repeatable levels by time:
       D: 53 daAuts
